 Dungeon Crawl Stone Soup version 0.19-a0-1091-g463c9de (webtiles) character file.

66314 poirepourri the Severer (level 14, -5/129 HPs)
             Began as a Minotaur Fighter on Aug 7, 2016.
             Was a Believer of Qazlal.
             Slain by a spectral eight-headed hydra (8 damage)
             ... called from beyond by a ghost crab
             ... on level 2 of the Swamp.
             The game lasted 00:40:34 (22318 turns).

poirepourri the Severer (Minotaur Fighter)         Turns: 22318, Time: 00:40:35

Health: -5/129     AC: 13    Str: 25    XL:     14   Next: 78%
Magic:  15/15      EV: 15    Int:  5    God:    Qazlal [**....]
Gold:   795        SH: 17    Dex: 11    Spells: 0 memorised, 13 levels left

rFire  . . .     SeeInvis .     a - +4 war axe
rCold  . . .     Gourm    .     R - +1 scale mail
rNeg   . . .     Faith    .     c - +1 shield
rPois  +         Spirit   .     q - +1 hat
rElec  .         Dismiss  +     (no cloak)
rCorr  +         Reflect  .     O - +2 pair of gloves
SustAt .         Harm     .     (no boots)
MR     +....                    V - amulet of dismissal
Stlth  ..........               p - ring of poison resistance
                                h - ring of resist corrosion

@: drained
A: retaliatory headbutt, horns 2
a: Upheaval, Renounce Religion


You were on level 2 of the Swamp.
You worshipped Qazlal.
Qazlal was pleased with you.
You were not hungry.

You visited 4 branches of the dungeon, and saw 22 of its levels.
You also visited: Sewer.

You collected 1508 gold pieces.
You spent 713 gold pieces at shops.

Inventory:

Hand Weapons
 a - a +4 war axe (weapon)
 b - a +0 hand crossbow
 A - a +1 war axe of freezing
Missiles
 k - 233 bolts
Armour
 c - a +1 shield (worn)
 q - a +1 hat (worn)
 O - a +2 pair of gloves (worn)
 R - a +1 scale mail (worn)
Jewellery
 h - a ring of resist corrosion (left hand)
 p - a ring of poison resistance (right hand)
 v - an uncursed ring of flight
 D - an uncursed ring of stealth
 H - an uncursed amulet of faith
 J - an uncursed ring of wizardry
 K - an uncursed ring of fire
 V - an amulet of dismissal (around neck)
 Z - an uncursed ring of sustain attributes
Wands
 m - a wand of slowing (36/48)
 o - a wand of flame (21/48)
 s - a wand of polymorph (14/24)
 x - a wand of confusion (16/48)
 y - a wand of lightning (8/15)
 z - a wand of disintegration (10/24)
 E - a wand of lightning (8/15)
 G - a wand of digging (4/24)
 L - a wand of iceblast (7/15)
 N - a wand of slowing (27/48)
 Q - a wand of acid (5/15)
 U - a wand of random effects (21/48)
 Y - a wand of lightning (3/15)
Scrolls
 e - 15 scrolls of remove curse
 i - 2 scrolls of magic mapping
Potions
 d - a potion of might
 g - 7 potions of flight
 n - 4 potions of lignification
 r - a potion of invisibility {unknown}
 F - 2 potions of cure mutation
Books
 j - a book of the Dragon

   Spells                             Type                      Level
   a - Flame Tongue                   Conjuration/Fire             1
   b - Cause Fear                     Hexes                        4
   c - Bolt of Fire                   Conjuration/Fire             6
   d - Dragon Form                    Transmutation                7
   e - Dragon's Call                  Summoning                    9
 t - a book of Changes

   Spells                             Type                      Level
   a - Beastly Appendage              Transmutation                1
   b - Sticks to Snakes               Transmutation                2
   c - Spider Form                    Transmutation/Poison         3
   d - Ice Form                       Ice/Transmutation            4
   e - Blade Hands                    Transmutation                5
 C - a book of Fire

   Spells                             Type                      Level
   a - Ignite Poison                  Fire/Transmutation/Poison    3
   b - Fireball                       Conjuration/Fire             5
   c - Bolt of Fire                   Conjuration/Fire             6
   d - Delayed Fireball               Conjuration/Fire             7
   e - Ring of Flames                 Charms/Fire                  7
 I - a book of the Earth

   Spells                             Type                      Level
   a - Leda's Liquefaction            Hexes/Earth                  4
   b - Bolt of Magma                  Conjuration/Fire/Earth       5
   c - Statue Form                    Transmutation/Earth          6
   d - Iron Shot                      Conjuration/Earth            6
   e - Shatter                        Earth                        9
 S - a book of Ice

   Spells                             Type                      Level
   a - Ice Form                       Ice/Transmutation            4
   b - Metabolic Englaciation         Hexes/Ice                    5
   c - Ozocubu's Refrigeration        Ice                          6
   d - Bolt of Cold                   Conjuration/Ice              6
   e - Freezing Cloud                 Conjuration/Ice/Air          6
   f - Simulacrum                     Ice/Necromancy               6
 T - a book of Summonings

   Spells                             Type                      Level
   a - Recall                         Summoning/Translocation      3
   b - Aura of Abjuration             Summoning                    5
   c - Summon Demon                   Summoning                    5
   d - Summon Forest                  Summoning/Translocation      5
   e - Summon Mana Viper              Hexes/Summoning              5
   f - Shadow Creatures               Summoning                    6
Comestibles
 f - 8 bread rations
 u - 4 slices of pizza
 B - 3 meat rations
 P - 21 fruits


   Skills:
 + Level 13.4(12.2) Fighting
 + Level 15.5(14.2) Axes
 + Level 4.8(3.8) Crossbows
 + Level 10.5(9.3) Armour
 + Level 13.1(11.8) Dodging
 + Level 14.5(13.3) Shields
 + Level 3.9(2.9) Invocations
 + Level 0.8(0.0) Evocations


You had 13 spell levels left.
You didn't know any spells.

Dungeon Overview and Level Annotations

Branches:
Dungeon (13/15)            Temple (1/1) D:6            Lair (6/6) D:10
  Swamp (2/4) Lair:2       Spider (0/4) Lair:3        Slime (0/5) Lair:5
    Orc (0/2) D:9
 Vaults: D:13-14

Altars:
Ashenzari
Cheibriados
Dithmenos
Elyvilon
Fedhas
Gozag
Hepliaklqana
Kikubaaqudgha
Makhleb
Nemelex Xobeh
Okawaru
Pakellas
Qazlal
Ru
Sif Muna
Trog
Uskayaw
Vehumet
Xom
Yredelemnul
Zin
The Shining One
Beogh
Jiyva

Shops:
D:4 ?   D:9 !   D:13 !


Innate Abilities, Weirdness & Mutations

You reflexively headbutt those who attack you in melee.
You have a pair of horns on your head.


Message History

Really become a tree while standing in a cloud of spectral mist?
Okay, then.
Unknown command.
It was a potion of cancellation.
You feel magically purged.
You are engulfed in spectral mist.
* * * LOW HITPOINT WARNING * * *
You block the spectral six-headed hydra's attack.
The spectral six-headed hydra bites you.
* * * LOW HITPOINT WARNING * * *
You block the spectral six-headed hydra's attack.
The spectral six-headed hydra bites you but does no damage. x2
The spectral six-headed hydra closely misses you.
You block the spectral spriggan's attack.
The spectral eight-headed hydra closely misses you.
You furiously retaliate!
You headbutt the spectral eight-headed hydra.
The spectral eight-headed hydra bites you but does no damage.
The spectral eight-headed hydra closely misses you.
The spectral eight-headed hydra bites you!
You die...

≈.≈♣♣♣♣♣≈≈.≈♣
....♣♣♣≈.§≈♣♣
.≈≈≈.♣(≈..≈♣
≈≈≈≈...Z≈(≈♣♣
♣♣≈....≈≈(..♣♣♣
♣§....≈....≈§§♣♣♣♣♣♣
≈.≈≈≈≈≈≈≈≈≈≈§§§♣♣§§♣♣
♣≈≈≈≈≈≈≈≈.≈≈≈§§Z♣§§.♣
♣♣♣♣♣♣♣....≈≈§Zt@♣♣≈♣
♣♣♣..≈≈≈§Z§Z§.♣
♣...§≈≈Z§§§.≈♣♣
♣.≈≈§§§≈≈.....♣♣
§≈.≈≈§§§§§≈....≈♣
.≈≈≈≈§§§♣♣♣....♣♣
≈≈≈≈≈≈≈§♣ ♣...≈♣♣
....≈≈≈≈♣ ♣..≈..♣
...... ♣♣≈.≈♣♣


You could see a ghost crab, 2 spectral eight-headed hydras, a spectral
six-headed hydra, a spectral spriggan and a spectral ghost crab.

Vanquished Creatures
  Kirke (Lair:5)
  Roxanne (Swamp:2)
  Gastronok (Lair:6)
  Donald (Swamp:1)
  Harold (Lair:3)
  7 hydras
  The ghost of skk the Blocker, a journeyman DsFi of Okawaru (D:10)
  A catoblepas (Lair:4)
  A dancing weapon (D:13)
  5 alligators
  A death yak (Lair:5)
  A queen ant (D:9)
  3 skeletal warriors (D:13)
  An unseen horror (D:12)
  A shambling mangrove (Swamp:1)
  4 hill giants
  Pikel (D:4)
  4 swamp dragons
  An oklob plant (Lair:5)
  2 hornets (Swamp:2)
  An ugly thing (D:11)
  A deep elf mage (D:13)
  7 black mambas
  2 gargoyles
  8 elephants
  The ghost of herpmino the Chopper, a novice FoFi of Okawaru (D:7)
  16 spiny frogs
  A rime drake (Lair:4)
  6 komodo dragons
  A polar bear (D:9)
  3 giant leeches
  2 trolls (D:10)
  Prince Ribbit (D:7)
  3 two-headed ogres
  2 bog bodies (Swamp:1)
  4 blink frogs (Lair:6)
  A boulder beetle (Lair:5)
  2 redbacks (Lair:3)
  A human (D:7)
  4 basilisks
  A wyvern (D:10)
  A steam dragon (D:12)
  26 yaks
  A hog (Lair:5)
  7 hippogriffs
  9 vampire mosquitoes
  6 insubstantial wisps (Swamp:2)
  A mottled dragon (D:13)
  10 water moccasins
  9 soldier ants (D:9)
  16 swamp worms
  2 hell hounds (D:10)
  3 swamp drakes
  3 ice beasts
  9 porcupines
  3 sky beasts
  7 orc warriors
  4 wasps
  2 black bears
  2 necrophages
  An eye of draining (D:10)
  A phantom (D:6)
  19 wolves
  3 centaurs
  5 ogres
  11 crocodiles
  14 giant frogs
  5 big kobolds (Sewer)
  A water moccasin zombie (D:6)
  2 scorpions
  12 killer bees
  A howler monkey (D:11)
  An electric eel (Lair:6)
  A wasp zombie (D:8)
  5 crimson imps
  2 quasits
  7 hounds
  A gnoll shaman (D:4)
  4 jellies
  4 centaur skeletons
  9 orc priests
  9 iguanas
  20 orc wizards
  29 worker ants
  A killer bee zombie (D:6)
  21 sheep
  3 hound zombies
  A hound skeleton (D:7)
  36 river rats
  8 adders
  4 gnolls
  3 oozes
  2 adder zombies
  2 adder skeletons (D:7)
  13 worms
  A dart slug (D:2)
  4 giant geckos
  56 orcs
  10 bats
  9 giant cockroaches
  10 goblins
  6 hobgoblins
  15 jackals
  17 kobolds
  6 quokkas
  8 ball pythons
  5 giant newts
  2 jackal skeletons
  A jackal zombie (D:8)
  A quokka skeleton (D:8)
  14 rats
  15 fungi
  13 plants
682 creatures vanquished.

Vanquished Creatures (collateral kills)
  A komodo dragon (Lair:6)
1 creature vanquished.

Vanquished Creatures (others)
  A human (Lair:5)
  2 slaves (D:4)
  An orc priest (D:4)
  A worker ant (D:4)
  An orc (D:4)
  10 fungi
  8 plants
24 creatures vanquished.

Grand Total: 707 creatures vanquished

Notes
Turn   | Place    | Note
-------+----------+-------------------------------------------
     0 | D:1      | poirepourri the Minotaur Fighter began the quest for the Orb.
     0 | D:1      | Reached XP level 1. HP: 19/19 MP: 0/0
   145 | D:1      | Reached XP level 2. HP: 24/27 MP: 1/1
   908 | D:1      | Reached XP level 3. HP: 34/34 MP: 2/2
   963 | D:2      | Reached skill level 3 in Axes
  1096 | D:2      | Reached skill level 1 in Dodging
  1457 | D:2      | Reached XP level 4. HP: 41/41 MP: 3/3
  1565 | D:2      | Found an ancient bone altar of Kikubaaqudgha.
  1806 | D:3      | Reached skill level 5 in Fighting
  1846 | D:3      | Found an iron altar of Okawaru.
  1964 | D:3      | Found a stormy altar of Qazlal.
  2030 | D:3      | Became a worshipper of Qazlal Stormbringer
  2129 | D:3      | Found an opulent altar of Gozag.
  2252 | D:3      | Reached XP level 5. HP: 43/48 MP: 4/4
  2582 | D:4      | Found a glowing silver altar of Zin.
  2609 | D:4      | Noticed a slave
  2611 | D:4      | Noticed Pikel
  2611 | D:4      | Noticed a slave
  2612 | D:4      | Noticed a slave
  2615 | D:4      | Noticed a slave
  2617 | D:4      | Killed Pikel
  2617 | D:4      | Reached skill level 5 in Axes
  2617 | D:4      | Reached skill level 5 in Dodging
  2617 | D:4      | Reached XP level 6. HP: 33/57 MP: 5/5
  2617 | D:4      | Reached XP level 7. HP: 36/62 MP: 6/6
  2630 | D:4      | Found Yshraludgh's Magic Scroll Boutique.
  2852 | D:4      | Bought a scroll of enchant weapon for 82 gold pieces
  2852 | D:4      | Bought a scroll of identify for 22 gold pieces
  2852 | D:4      | Bought a scroll of identify for 22 gold pieces
  2921 | D:4      | Found a glowing golden altar of the Shining One.
  3116 | D:4      | Reached * piety under Qazlal
  3363 | D:4      | Found a deep blue altar of Sif Muna.
  3368 | D:4      | Found a hazy altar of Hepliaklqana.
  3371 | D:4      | Found a sacrificial altar of Ru.
  3374 | D:4      | Found a hide-covered altar of Uskayaw.
  3725 | D:5      | Entered Level 5 of the Dungeon
  4102 | D:5      | Reached skill level 6 in Axes
  4305 | D:6      | Found a glowing drain.
  4450 | D:6      | Reached XP level 8. HP: 66/71 MP: 7/7
  4499 | Sewer    | Entered a sewer
  4629 | Sewer    | Reached ** piety under Qazlal
  4630 | Sewer    | Reached skill level 7 in Axes
  4975 | D:6      | Found a staircase to the Ecumenical Temple.
  5000 | Temple   | Entered the Ecumenical Temple
  5167 | D:6      | Reached skill level 8 in Axes
  5270 | D:6      | Reached XP level 9. HP: 81/81 MP: 8/8
  5669 | D:7      | Reached *** piety under Qazlal
  5673 | D:7      | Reached skill level 9 in Axes
  5787 | D:7      | Noticed herpmino's ghost (novice FoFi)
  5810 | D:7      | Killed herpmino's ghost
  5810 | D:7      | Reached skill level 5 in Armour
  6018 | D:7      | Noticed Prince Ribbit
  6028 | D:7      | Killed Prince Ribbit
  6028 | D:7      | Reached skill level 5 in Shields
  6562 | D:8      | Reached XP level 10. HP: 91/91 MP: 9/9
  6952 | D:8      | Found a shadowy altar of Dithmenos.
  7318 | D:9      | Identified a scroll of acquirement
  7339 | D:9      | Found a sparkling altar of Nemelex Xobeh.
  7363 | D:9      | Found a staircase to the Orcish Mines.
  7435 | D:9      | Reached **** piety under Qazlal
  7435 | D:9      | Reached skill level 10 in Axes
  7453 | D:9      | Found a roughly hewn altar of Beogh.
  7653 | D:9      | Noticed a queen ant
  7671 | D:9      | Killed a queen ant
  8135 | D:9      | Found Wocvuell's Distillery.
  8162 | D:9      | Bought a potion of might for 56 gold pieces
  8162 | D:9      | Bought a potion of curing for 42 gold pieces
  8162 | D:9      | Bought a potion of curing for 42 gold pieces
  8162 | D:9      | Bought a potion of curing for 42 gold pieces
  8491 | D:9      | Found a radiant altar of Vehumet.
  8669 | D:10     | Entered Level 10 of the Dungeon
  8745 | D:10     | Reached skill level 11 in Axes
  8752 | D:10     | Noticed skk's ghost (journeyman DsFi)
  8791 | D:10     | Killed skk's ghost
  8791 | D:10     | Reached skill level 10 in Fighting
  8791 | D:10     | Reached XP level 11. HP: 21/99 MP: 10/10
  9093 | D:10     | Noticed a hill giant
  9101 | D:10     | Killed a hill giant
  9101 | D:10     | Reached skill level 10 in Dodging
  9163 | D:10     | Noticed a hill giant
  9513 | D:9      | Killed a hill giant
 10014 | D:10     | Found a staircase to the Lair.
 10614 | D:11     | Noticed a brown ugly thing
 10622 | D:11     | Killed a brown ugly thing
 10655 | D:11     | Reached skill level 12 in Axes
 10921 | D:11     | Reached ***** piety under Qazlal
 11139 | D:12     | Noticed a hill giant
 11148 | D:12     | Killed a hill giant
 11168 | D:12     | Noticed a hill giant
 11183 | D:12     | Killed a hill giant
 11183 | D:12     | Reached skill level 10 in Shields
 11215 | D:12     | Noticed a five-headed hydra
 11221 | D:12     | Killed a five-headed hydra
 11221 | D:12     | Reached skill level 1 in Invocations
 11221 | D:12     | Reached XP level 12. HP: 110/110 MP: 2/11
 11629 | D:13     | Found Dahel's Distillery.
 11651 | D:13     | Bought a potion of curing for 45 gold pieces
 11651 | D:13     | Bought a potion of might for 60 gold pieces
 11651 | D:13     | Bought 2 potions of agility for 120 gold pieces
 11651 | D:13     | Bought 2 potions of curing for 90 gold pieces
 11651 | D:13     | Bought a potion of curing for 45 gold pieces
 11651 | D:13     | Bought a potion of curing for 45 gold pieces
 11739 | D:13     | Reached skill level 13 in Axes
 11938 | Lair:1   | Entered Level 1 of the Lair of Beasts
 12716 | Lair:2   | Found a staircase to the Swamp.
 13370 | Lair:3   | Noticed Harold
 13437 | Lair:3   | Reached XP level 13. HP: 45/117 MP: 8/12
 13728 | Lair:3   | You fall through a shaft for 3 floors!
 13728 | Lair:6   | Entered Level 6 of the Lair of Beasts
 13807 | Lair:6   | Noticed Gastronok
 13854 | Lair:5   | Noticed Kirke
 13864 | Lair:5   | Killed Kirke
 13993 | Lair:4   | Reached skill level 14 in Axes
 14808 | Lair:4   | Reached skill level 1 in Crossbows
 15589 | Lair:3   | Found a hole to the Spider Nest.
 15608 | Lair:3   | Killed Harold
 16700 | Lair:5   | Found a viscous altar of Jiyva.
 16701 | Lair:5   | Found a staircase to the Slime Pits.
 17095 | Lair:5   | You fall through a shaft!
 17833 | Lair:6   | Killed Gastronok
 17990 | Lair:6   | Reached XP level 14. HP: 65/127 MP: 15/15
 18090 | Lair:6   | Reached skill level 15 in Axes
 19419 | Swamp:1  | Entered Level 1 of the Swamp
 19642 | Swamp:1  | Noticed Donald
 19684 | Swamp:1  | Killed Donald
 19684 | Swamp:1  | Reached skill level 10 in Armour
 22124 | Swamp:2  | Noticed Roxanne
 22283 | Swamp:2  | Killed Roxanne
 22318 | Swamp:2  | HP: 6/129 [ghost crab] (2)]
 22318 | Swamp:2  | Slain by a spectral eight-headed hydra

Vault maps used:
D:1:      dpeg_arrival_rooms_c, minmay_misc_feat_square
D:2:      nicolae_overflow_hidden_temple, first_bread
D:3:      nicolae_gozag_seed_capital, lemuel_crystal_altar, marbit_many_paths,
          kennysheep_another_room, grunt_ministairs_3, grunt_decor_mini_mirrors,
          kennysheep_crisscross
D:4:      wad_river_or_something, kennysheep_little_box,
          grunt_temple_overflow_cloverleaf, general_overflow_altar,
          serial_shops, shop_scrolls, uniq_pikel
D:6:      minmay_diamond_boxcup, portal_sewer_entry_a, minmay_door_square
D:7:      grunt_livestock, uniq_prince_ribbit1
D:8:      lemuel_round_altar, nrook_uturn
D:9:      nemelex_xobeh_ov_fountains_minmay, lemuel_coloured_pillars_altar,
          minmay_orc_entry_temple_small, serial_shops,
          nicolae_shop_window_shopping, minmay_another_anthill
D:10:     minmay_lair_entry_lava
D:12:     st_stairs_9
D:13:     erik_vaults_1, serial_shops, shop
Temple:   dpeg_three_leaves_temple
Lair:1:   grunt_forest_large_clearings
Lair:2:   minmay_swamp_entry_reptiles, grunt_megastairs_4
Lair:3:   spider_nest_entry_webs, st_stairs_11, hibernation_bobbens,
          serial_bayou_shore_b, uniq_gastronok, uniq_harold
Lair:4:   worms_lemuel, grunt_megastairs_3
Lair:5:   minmay_lair_oklob_items, slime_altar_1,
          nicolae_volcano_entry_two_sided, uniq_kirke
Lair:6:   evilmike_catoblepas_cave, infiniplex_staircase_pool,
          grunt_megastairs_2
Swamp:1:  evilmike_swamp_ruin_house_3, swamp_pool2, uniq_donald
Swamp:2:  hangedman_swamp_diagram, uniq_roxanne
Sewer:    kennysheep_pipe_town

Skill      XL: |  1  2  3  4  5  6  7  8  9 10 11 12 13 14 |
---------------+-------------------------------------------+-----
Fighting       | 4 5 6 8 9 10 11 12 13 | 13.4
Axes           | 3 5 6 8 9 11 12 13 14 15 | 15.5
Dodging        | 2 5 6 8 9 10 11 12 13 | 13.1
Armour         | 5 7 8 9 10 | 10.5
Shields        | 5 8 10 12 13 14 | 14.5
Invocations    | 1 3 |  3.9
Crossbows      | 1 4 |  4.8
Evocations     | |  0.8

Action                   |  1- 3 |  4- 6 |  7- 9 | 10-12 | 13-15 || total
-------------------------+-------+-------+-------+-------+-------++-------
Melee: War axe           |   134 |    84 |   291 |   689 |   635 ||  1833
       Headbutt          |    13 |    10 |    48 |   160 |   139 ||   370
 Fire: Hand crossbow     |       |       |       |       |   173 ||   173
Throw: Javelin           |       |       |       |       |     2 ||     2
Invok: Upheaval          |       |       |       |    10 |    31 ||    41
       Elemental Force   |       |       |       |       |     2 ||     2
Evoke: Wand              |       |       |       |     5 |     4 ||     9
  Use: Scroll            |       |       |    26 |    22 |    14 ||    62
       Potion            |       |       |     6 |    33 |     6 ||    45
 Stab: Confused          |       |       |       |       |     1 ||     1
  Eat: Bread ration      |     2 |       |     1 |     1 |       ||     4
       Fruit             |       |       |     1 |     4 |     2 ||     7
       Pizza             |       |       |     1 |     3 |     2 ||     6
       Beef jerky        |       |       |     1 |     1 |     3 ||     5
       Meat ration       |       |       |     1 |     2 |     3 ||     6
       Royal jelly       |       |       |       |       |     1 ||     1
Armor: Scale mail        |    83 |    40 |    95 |   111 |   187 ||   516
Dodge: Dodged            |    69 |    30 |   114 |   210 |   336 ||   759
       Deflected         |       |       |       |     4 |     1 ||     5
Block: Shield            |    86 |    38 |   224 |   573 |   700 ||  1621
